 Dungeon Crawl Stone Soup version 0.17.0-23-g0de4337 (webtiles) character file.

2190 RepoMan the Chopper (level 9, -1/75 HPs)
             Began as a Minotaur Warper on Nov 14, 2015.
             Slain by a basilisk (4 damage)
             ... on level 9 of the Dungeon.
             The game lasted 01:05:03 (8635 turns).

RepoMan the Chopper (Minotaur Warper)               Turns: 8635, Time: 01:05:03

Health: -1/75      AC:  6    Str: 16    XL:     9   Next: 12%
Magic:  21/21      EV:  2    Int: 13    God:
Gold:   193        SH:  0    Dex: 10    Spells: 5 memorised, 3 levels left

rFire  . . .     SeeInvis .     a - +0 war axe
rCold  . . .     Clarity  .     s - +0 leather armour
rNeg   + + +     SustAt   .     (no shield)
rPois  ∞         Gourm    .     h - +2 hat
rElec  .         Spirit   .     p - +0 cloak
rCorr  .         Warding  +     (no gloves)
rMut   .         Stasis   .     (no boots)
MR     .....                    B - amulet of warding
Stlth  +.........               (no ring)
                                t - ring of magical power

@: petrified, not resistant to hostile enchantments, very unstealthy
A: retaliatory headbutt, horns 2
a: no special abilities


You were on level 9 of the Dungeon.
You were not hungry.

You visited 2 branches of the dungeon, and saw 10 of its levels.

You collected 403 gold pieces.
You spent 210 gold pieces at shops.

Inventory:

Hand Weapons
 a - a +0 war axe (weapon)
 b - a +0 hunting sling
 k - a +1 dagger of electrocution
 P - the +0 short sword of the Other Side {antimagic, MR+ Int+3}
   (You found it on level 9 of the Dungeon)

   It disrupts the flow of magical energy around spellcasters and certain
   magical creatures (including the wielder).
   It affects your intelligence (+3).
   It affects your resistance to hostile enchantments.
Missiles
 y - 39 bolts
 A - 14 steel sling bullets
 C - 14 tomahawks (quivered)
Armour
 g - a +0 ring mail
 h - a +2 hat (worn)
 p - a +0 cloak (worn)
 s - a +0 leather armour (worn)
 z - a +0 chain mail of fire resistance
Magical Staves
 N - an uncursed staff of air {unknown}
Jewellery
 t - a ring of magical power (left hand)
 w - an uncursed amulet of resist corrosion
 B - an amulet of warding (around neck)
 L - an uncursed amulet of guardian spirit {unknown}
Wands
 e - a wand of magic darts (14)
 n - a wand of confusion (0)
Scrolls
 d - 3 scrolls of blinking
 j - 2 scrolls of identify
 l - a scroll of amnesia {unknown}
 x - 2 scrolls of teleportation {unknown}
 D - 2 scrolls of immolation {unknown}
 E - a scroll of enchant weapon {unknown}
 F - a scroll of recharging {unknown}
 G - a scroll of random uselessness {unknown}
 I - a scroll of fog {unknown}
 O - a scroll of remove curse
Potions
 i - 2 potions of flight
 o - 2 potions of brilliance
 q - 4 potions of curing
 u - a potion of experience
 Q - a potion of heal wounds
Books
 c - a book of Spatial Translocations

   Spells                             Type                      Level
   a - Apportation                    Translocation                1
   b - Blink                          Translocation                2
   c - Shroud of Golubria             Charms/Translocation         2
   d - Portal Projectile              Translocation                3
   e - Teleport Other                 Translocation                3
   f - Passage of Golubria            Translocation                4
 H - a book of the Dragon

   Spells                             Type                      Level
   a - Flame Tongue                   Conjuration/Fire             1
   b - Cause Fear                     Hexes                        4
   c - Bolt of Fire                   Conjuration/Fire             6
   d - Dragon Form                    Transmutation                7
   e - Dragon's Call                  Summoning                    9
 M - a book of Summonings

   Spells                             Type                      Level
   a - Recall                         Summoning/Translocation      3
   b - Aura of Abjuration             Summoning                    5
   c - Shadow Creatures               Summoning                    5
   d - Summon Demon                   Summoning                    5
   e - Summon Forest                  Summoning/Translocation      5
   f - Summon Mana Viper              Hexes/Summoning              5
Comestibles
 f - 6 bread rations
 m - 6 meat rations
 J - 3 chunks of flesh


   Skills:
 + Level 5.8 Fighting
 + Level 6.5 Axes
 - Level 1.0 Throwing
 + Level 5.3 Armour
 + Level 5.2 Dodging
 + Level 3.1 Spellcasting
 * Level 5.4 Translocations


You had 3 spell levels left.
You knew the following spells:

 Your Spells              Type           Power        Failure   Level  Hunger
a - Apportation           Tloc           ###.......   3%          1    #......
b - Blink                 Tloc           N/A          6%          2    ##.....
c - Shroud of Golubria    Chrm/Tloc      #.........   14%         2    ##.....
o - Teleport Other        Tloc           ###.....     12%         3    ###....
p - Portal Projectile     Tloc           ###...       12%         3    ###....


Dungeon Overview and Level Annotations

Branches:
Dungeon (9/15)             Temple (1/1) D:6
   Lair: D:8-11         Orc: D:9-12

Altars:
Ashenzari
Cheibriados
Elyvilon
Fedhas
Gozag
Kikubaaqudgha
Makhleb
Nemelex Xobeh
Okawaru
Qazlal
Ru
Sif Muna
Trog
Vehumet
Xom
Yredelemnul
Zin
The Shining One

Shops:
D:4 *

Annotations:
D:6 dracos369's ghost, novice GrEE


Innate Abilities, Weirdness & Mutations

You reflexively headbutt those who attack you in melee.
You have a pair of horns on your head.


Message History

You feel limber!
You feel magically purged. The basilisk gazes at you.
You resist with some effort. The basilisk gazes at you.
You are slowing down.
You slash the basilisk!
The basilisk is heavily wounded.
The basilisk gazes at you. You resist with some effort.
You have turned to stone.
The basilisk bites you! x2
* * * LOW HITPOINT WARNING * * *
The basilisk bites you!!
* * * LOW HITPOINT WARNING * * *
The basilisk bites you!
* * * LOW HITPOINT WARNING * * *
The basilisk bites you. The basilisk barely misses you. The basilisk bites you!
You die... . #.# #.# ############ .. #.# #.# #..........# .P. #.# #.# #.########.# PYP.

##.#####.# #.#
#.#
.....#........#
#.# #.#
(P...l........#
#.# #.#
....#..####..#
#.# #.# P #..#
#.(#######.#
#.# ....#
#..tl@.....#
######.##
.t...##
#..#########
#..)<....
.....## #..#
#.####.## ...##
#..# #.# #.#
.P# #..# #.#
#.## ## #...
#.# #..# #.##
#.# ##.# #. #.#
#.# #.# #.#


You could see a basilisk and a crocodile.

Vanquished Creatures
  4 orc warriors
  A phantom (D:4)
  4 ogres
  An ice beast (D:8)
  A giant frog (D:5)
  A gnoll sergeant (D:6)
  2 scorpions
  3 crimson imps (D:5)
  2 hounds
  A giant frog skeleton (D:8)
  2 jellies
  3 orc priests
  6 orc wizards
  A centaur skeleton (D:7)
  An iguana (D:4)
  Terence (D:2)
  Natasha (thrice) (D:3)
  9 worker ants
  A worker ant zombie (D:5)
  6 adders
  5 gnolls
  A shadow imp (D:5)
  4 oozes
  A worm (D:6)
  5 giant geckos
  28 orcs
  6 bats
  7 hobgoblins
  15 jackals
  A quokka (D:2)
  2 ball pythons (D:1)
  A giant cockroach (D:3)
  5 giant newts
  11 goblins
  10 kobolds
  A quokka skeleton (D:4)
  7 rats
163 creatures vanquished.

Vanquished Creatures (others)
  An orc priest (D:6)
  An orc (D:6)
2 creatures vanquished.

Grand Total: 165 creatures vanquished

Notes
Turn   | Place    | Note
--------------------------------------------------------------
     0 | D:1      | RepoMan the Minotaur Warper began the quest for the Orb.
     0 | D:1      | Reached XP level 1. HP: 18/18 MP: 1/1
   125 | D:1      | Reached XP level 2. HP: 25/25 MP: 3/3
   610 | D:1      | Reached XP level 3. HP: 30/30 MP: 4/4
   708 | D:1      | Learned a level 2 spell: Blink
   711 | D:1      | Learned a level 2 spell: Shroud of Golubria
   825 | D:2      | Reached skill level 3 in Axes
   981 | D:2      | Found a white marble altar of Elyvilon.
  1171 | D:2      | Noticed Terence
  1181 | D:2      | Killed Terence
  1181 | D:2      | Reached XP level 4. HP: 33/38 MP: 2/5
  2078 | D:3      | Noticed Natasha
  2355 | D:3      | Killed Natasha
  2355 | D:3      | Reached XP level 5. HP: 28/45 MP: 6/6
  2651 | D:3      | Noticed Natasha
  2659 | D:3      | Killed Natasha
  2732 | D:3      | Noticed Natasha
  2736 | D:3      | Killed Natasha
  2898 | D:4      | Noticed a phantom
  2941 | D:4      | Killed a phantom
  2941 | D:4      | Reached skill level 4 in Axes
  2941 | D:4      | Reached XP level 6. HP: 24/51 MP: 2/8
  3332 | D:4      | Found Hayh's Assorted Antiques.
  3362 | D:4      | Bought a scroll of remove curse for 90 gold pieces
  3412 | D:4      | Bought a twisted lead wand for 120 gold pieces
  3508 | D:4      | Learned a level 3 spell: Portal Projectile
  3681 | D:4      | Reached XP level 7. HP: 59/59 MP: 9/9
  3863 | D:5      | Entered Level 5 of the Dungeon
  3881 | D:5      | Noticed a fire elemental
  3882 | D:5      | Found a stormy altar of Qazlal.
  3885 | D:5      | Noticed a water elemental
  3885 | D:5      | Noticed an air elemental
  4057 | D:5      | Reached skill level 5 in Axes
  5282 | D:6      | Found a staircase to the Ecumenical Temple.
  5287 | Temple   | Entered the Ecumenical Temple
  5482 | D:6      | Reached XP level 8. HP: 35/67 MP: 10/10
  5490 | D:6      | Noticed dracos369's ghost (novice GrEE)
  5506 | D:6      | Reached skill level 5 in Fighting
  6418 | D:7      | Found a sparkling altar of Nemelex Xobeh.
  6816 | D:8      | Learned a level 3 spell: Teleport Other
  6899 | D:8      | Reached skill level 6 in Axes
  6899 | D:8      | Reached skill level 5 in Translocations
  7360 | D:8      | Reached skill level 5 in Armour
  7360 | D:8      | Reached skill level 5 in Dodging
  7632 | D:7      | Found a blossoming altar of Fedhas.
  8090 | D:8      | Found a sacrificial altar of Ru.
  8094 | D:8      | Found a shattered altar of Ashenzari.
  8098 | D:8      | Found an opulent altar of Gozag.
  8227 | D:9      | Got a polished short sword
  8229 | D:9      | Identified the +0 short sword of the Other Side {antimagic, MR+ Int+3} (You found it on level 9 of the Dungeon)
  8295 | D:9      | Reached XP level 9. HP: 51/75 MP: 12/12
  8632 | D:9      | HP: 3/75 [basilisk (8)]
  8635 | D:9      | Slain by a basilisk

Action                   |  1- 3 |  4- 6 |  7- 9 || total
-------------------------+-------+-------+-------++-------
Melee: Hand axe          |    99 |   112 |       ||   211
       War axe           |       |    28 |   271 ||   299
 Fire: Hunting sling     |       |    28 |    38 ||    66
Throw: Tomahawk          |     1 |     4 |     2 ||     7
 Cast: Apportation       |     3 |    13 |     7 ||    23
       Shroud of Golubri |     3 |    10 |    15 ||    28
       Blink             |       |     3 |     8 ||    11
Evoke: Wand              |       |       |    14 ||    14
  Use: Scroll            |     4 |     4 |     7 ||    15
       Potion            |       |       |    10 ||    10
 Stab: Invisible         |       |       |     4 ||     4
       Confused          |       |       |     2 ||     2
  Eat: Chunk             |     1 |     6 |    11 ||    18
       Royal jelly       |       |     1 |     1 ||     2
       Pizza             |       |     1 |     1 ||     2
       Meat ration       |       |       |     1 ||     1
